 Dungeon Crawl Stone Soup version 0.32-a0-685-g93135e86f0 (webtiles) character file.

Game seed: 12451187278016912784

1775 ezpacito the Trooper (level 9, -4/68 HPs)
             Began as a Coglin Chaos Knight on Mar 13, 2024.
             Was a Plaything of Xom.
             Slain by a gnoll sergeant
             ... wielding a +2 vampiric spear
              (12 damage)
             ... on level 6 of the Dungeon.
             The game lasted 00:06:47 (4696 turns).

ezpacito the Trooper (Coglin Chaos Knight)          Turns: 4696, Time: 00:06:48

Health: -4/68      AC:  9    Str: 14    XL:     9   Next: 8%
Magic:  12/12      EV:  8    Int: 16    God:    Xom [.*....]
Gold:   331        SH:  0    Dex: 16    Spells: 13/13 levels left

rFire   . . .        a - +0 hand axe (chaos) {Caihong}
rCold   . . .        s - +0 trident {Yuina}
rNeg    . . .        e - +1 chain mail
rPois   .            (helmet restricted)
rElec   .            (no cloak)
rCorr   .            f - +0 pair of gloves
SInv    +            v - +0 pair of boots
Will    .....        (amulet unavailable) Stlth
                     (ring unavailable)
HPRegen 1.11/turn    (ring unavailable)
MPRegen 0.13/turn    (no gizmo)

%: clarity
@: revved
A: off-hand wielding, slow wielding, warmup strikes, no jewellery, horns 1, see
invisible, agile 1, clarity, clever 1, deformed body, regeneration 1
a: Invent Gizmo, Renounce Religion


You were on level 6 of the Dungeon.
You worshipped Xom.
You were a plaything of Xom.
You visited 1 branch of the dungeon, and saw 6 of its levels.

You collected 331 gold pieces.

Inventory:

Hand Weapons
 a - a +0 hand axe of chaos (weapon) {Caihong}
 s - a +0 trident (offhand) {Yuina}
Missiles
 o - 5 curare-tipped darts
 r - 3 throwing nets (quivered)
Armour
 b - a +0 helmet
 e - a +1 chain mail (worn)
 f - a +0 pair of gloves (worn)
 v - a +0 pair of boots (worn)
Talismans
 d - a beast talisman
 p - a talisman of death
Wands
 k - a wand of warping (2)
 D - a wand of digging (3)
Scrolls
 c - a scroll of enchant weapon {unknown}
 h - a scroll of blinking {unknown}
 i - a scroll of immolation
 j - 2 scrolls of poison {unknown}
 l - a scroll of summoning {unknown}
 m - a scroll of vulnerability {unknown}
 n - a scroll of fog
 t - 2 scrolls of enchant armour


   Skills:
 * Level 5.3 Fighting
 * Level 5.3(5.8) Axes
 + Level 3.0(4.3) Polearms
 * Level 4.4 Armour
 * Level 4.1 Dodging
 + Level 2.9 Stealth
 + Level 2.5 Spellcasting
 + Level 3.8 Evocations


You had 13 spell levels left.
You didn't know any spells.
Your spell library contained the following spells:

 Spells                   Type           Power      Damage    Failure   Level
 Dazzling Flash           Conj/Hex       4%         N/A       100%        3
 Hailstorm                Conj/Ice       2%         3d5       100%        3
 Mephitic Cloud           Conj/Alch/Air  2%         N/A       100%        3
 Stone Arrow              Conj/Erth      4%         3d7       100%        3
 Summon Ice Beast         Ice/Summ       2%         N/A       100%        3
 Animate Armour           Summ/Erth      4%         N/A       100%        4
 Curse of Agony           Necr           2%         N/A       100%        5
 Silence                  Hex/Air        1%         N/A       100%        5
 Conjure Ball Lightning   Conj/Air       1%         3x3d6     100%        6
 Permafrost Eruption      Ice/Erth       1%         2x4d2     100%        6
 Sculpt Simulacrum        Ice/Alch       1%         N/A       100%        6
 Discord                  Hex            1%         N/A       100%        8
 Disjunction              Tloc           1%         N/A       100%        8
 Lehudib's Crystal Spear  Conj/Erth      1%         10d2      100%        8


Dungeon Overview and Level Annotations

Branches:
Dungeon (6/15)
 Temple: D:4-7

Altars:
Elyvilon
Kikubaaqudgha
Makhleb
Qazlal
Sif Muna
Wu Jian
Xom
The Shining One

Shops:
D:2 :


Innate Abilities, Weirdness & Mutations

You can wield a second weapon in your off-hand.
It takes a long time for you to wield or remove held weapons.
Your first few attacks do less damage.
You cannot equip rings or amulets.
You have a pair of small horns on your head.
You have supernaturally acute eyesight. (SInv)
You are agile. (Dex +4, Str/Int -1)
You possess an exceptional clarity of mind.
Your mind is acute. (Int +4, Str/Dex -1)
Armour fits poorly on your strangely shaped body.
Your natural rate of healing is unusually fast.


Message History

The gnoll sergeant completely misses you.
You reach to attack!
You hit the gnoll sergeant but do no damage.
The gnoll sergeant hits you from afar with a +2 vampiric spear!
You take 12 damage, and have 49/68 hp.
A gnoll comes into view. It is wielding a +0 flail.
The gnoll shouts!
A gnoll comes into view. It is wielding a +0 spear.
The gnoll sergeant hits you with a +2 vampiric spear.
You take 3 damage, and have 46/68 hp.
You hit the gnoll sergeant but do no damage.
The gnoll sergeant is moderately wounded.
You hit the gnoll sergeant but do no damage.
The gnoll sergeant hits you with a +2 vampiric spear.
The gnoll sergeant draws strength from your wounds!
The gnoll closely misses you.
You take 2 damage, and have 44/68 hp.
The gnoll sergeant hits you with a +2 vampiric spear!
The iguana attacks as it pursues you! The iguana barely misses you.
The gnoll hits you with a +0 halberd!
You take 21 damage, and have 23/68 hp.
MASSIVE DAMAGE!!
You hit the gnoll sergeant with your +0 trident.
Your headbutt misses the gnoll sergeant.
The gnoll sergeant is moderately wounded.
You barely miss the gnoll sergeant with your +0 hand axe of chaos.
You hit the iguana with your +0 hand axe of chaos.
The iguana seems to slow down.
You freeze the iguana.
You hit the gnoll with your +0 hand axe of chaos.
You freeze the gnoll.
The gnoll sergeant hits you with a +2 vampiric spear!
* * * LOW HITPOINT WARNING * * *
The gnoll barely misses you. The iguana bites you.
* * * LOW HITPOINT WARNING * * *
Xom roars with laughter!
You take 22 damage, and have 1/68 hp.
MASSIVE DAMAGE!!
Okay, then.
You feel better.
The gnoll sergeant hits you with a +2 vampiric spear!
You die...
Xom roars with laughter!

#..#.......... #...
#..#.#...#.......####"##
.........###..#.......#
...>#.##.... ....####.##
##.##.....#....# #...
#.###....##.#.# ####
.........###..# #≈≈≈≈≈
......ggl?#...# #....≈
......#@)#.#.# .##....≈
....g #g#...?# #.##....≈
...S ...###.## #.#+#####
......### #.####...### #
...... #.##.......# #
..... #.##.......###
#### ##.##.......##.
#..........)###
#..##.....†...<


You could see a gnoll sergeant (strong), an iguana (slow) and 2 gnolls.

Vanquished Creatures
  Grinder (D:3)
  Sigmund (D:2)
  A wyvern (D:6)
  Edmund (D:5)
  3 ogres
  A scorpion (D:6)
  3 bombardier beetles (D:5)
  A howler monkey (D:5)
  A jelly (D:5)
  A gnoll bouda (D:6)
  5 hounds
  An iguana (D:5)
  Terence (D:2)
  A sleepcap (D:5)
  Natasha (thrice) (D:4)
  2 orc wizards (D:4)
  Robin (D:3)
  7 gnolls
  9 adders
  2 ufetubi (D:5)
  10 orcs
  7 ball pythons
  2 bat zombies (D:3)
  7 endoplasms
  2 giant cockroaches
  28 goblins
  3 hobgoblins
  7 jackals
  5 kobolds
  3 quokkas
  7 bats
  5 frilled lizards
  A frilled lizard zombie (D:3)
  7 rats
  A butterfly (D:4)
141 creatures vanquished.

Notes
Turn   | Place    | Note
-------+----------+-------------------------------------------
     0 | D:1      | ezpacito the Coglin Chaos Knight began the quest for the
                  | Orb.
     0 | D:1      | Reached XP level 1. HP: 18/18 MP: 1/1
   144 | D:1      | Reached skill level 1 in Dodging
   166 | D:1      | XOM: potion effect (invisibility)
   171 | D:1      | Reached XP level 2. HP: 24/24 MP: 2/2
   272 | D:1      | XOM: 2-stop teleportation journey
   517 | D:1      | Reached XP level 3. HP: 28/29 MP: 3/3
   863 | D:2      | XOM: give mutations
   863 | D:2      | Gained mutation: You are partially covered in iridescent
                  | scales. (AC +2) [Xom's mischief]
   863 | D:2      | Gained mutation: You are mostly covered in iridescent
                  | scales. (AC +4) [Xom's mischief]
   863 | D:2      | Gained mutation: Your flesh is heat resistant. (rF+) [Xom's
                  | mischief]
   863 | D:2      | Gained mutation: You are completely covered in iridescent
                  | scales. (AC +6) [Xom's mischief]
   883 | D:2      | Noticed Terence
   896 | D:2      | Killed Terence
   897 | D:2      | Reached XP level 4. HP: 34/35 MP: 3/5
  1068 | D:2      | Reached skill level 1 in Polearms
  1393 | D:2      | XOM: give mutations
  1393 | D:2      | Gained mutation: You have a pair of small horns on your
                  | head. [Xom's mischief]
  1393 | D:2      | Gained mutation: Armour fits poorly on your strangely
                  | shaped body. [Xom's mischief]
  1393 | D:2      | Lost mutation: Your flesh is heat resistant. (rF+) [Xom's
                  | mischief]
  1413 | D:2      | Noticed Sigmund
  1415 | D:2      | Found Gopt's Vocational Training.
  1431 | D:2      | Killed Sigmund
  1432 | D:2      | Reached skill level 1 in Stealth
  1432 | D:2      | Reached skill level 1 in Spellcasting
  1432 | D:2      | Reached skill level 1 in Evocations
  1432 | D:2      | Reached XP level 5. HP: 23/42 MP: 6/6
  1432 | D:2      | Reached XP level 6. HP: 27/48 MP: 7/7
  1603 | D:2      | XOM: god gift: talisman of death
  1835 | D:3      | Found an ornate altar of the Wu Jian Council.
  1851 | D:3      | Noticed Robin
  1865 | D:3      | Killed Robin
  2027 | D:3      | Found an ancient bone altar of Kikubaaqudgha.
  2199 | D:3      | XOM: noise
  2283 | D:3      | Noticed Grinder
  2290 | D:3      | Paralysed by Grinder for 4 turns
  2293 | D:3      | XOM: chaos cloud
  2306 | D:3      | Killed Grinder
  2307 | D:3      | Reached XP level 7. HP: 15/54 MP: 7/9
  2472 | D:3      | Found a glowing golden altar of the Shining One.
  2487 | D:3      | XOM: give mutations
  2487 | D:3      | Gained mutation: You have supernaturally acute eyesight.
                  | (SInv) [Xom's mischief]
  2487 | D:3      | Lost mutation: You are completely covered in iridescent
                  | scales. (AC +6) [Xom's mischief]
  2487 | D:3      | Lost mutation: You are mostly covered in iridescent scales.
                  | (AC +4) [Xom's mischief]
  2667 | D:4      | Found a transporter.
  2670 | D:4      | Found a white marble altar of Elyvilon.
  2670 | D:4      | Found a transporter.
  2692 | D:4      | XOM: draining
  2694 | D:4      | Noticed Natasha
  2699 | D:4      | Killed Natasha
  2748 | D:4      | XOM: give mutations
  2748 | D:4      | Gained mutation: You are vulnerable to cold. (rC-) [Xom's
                  | mischief]
  2748 | D:4      | Lost mutation: You are vulnerable to cold. (rC-) [Xom's
                  | mischief]
  2748 | D:4      | Gained mutation: You are agile. (Dex +4, Str/Int -1) [Xom's
                  | mischief]
  2748 | D:4      | Lost mutation: You are partially covered in iridescent
                  | scales. (AC +2) [Xom's mischief]
  2789 | D:4      | Noticed Natasha
  2798 | D:4      | Killed Natasha
  2897 | D:4      | Found a shimmering altar of Xom.
  3042 | D:4      | XOM: summons 4 hostile demons
  3067 | D:4      | XOM: swap monsters
  3300 | D:4      | Noticed Natasha
  3306 | D:4      | Killed Natasha
  3513 | D:5      | Entered Level 5 of the Dungeon
  3523 | D:5      | Noticed Edmund
  3532 | D:5      | Killed Edmund
  3533 | D:5      | Reached XP level 8. HP: 46/61 MP: 9/11
  3872 | D:5      | XOM: give mutations
  3872 | D:5      | Gained mutation: You possess an exceptional clarity of
                  | mind. [Xom's grace]
  3872 | D:5      | Gained mutation: Your natural rate of healing is unusually
                  | fast. [Xom's grace]
  3872 | D:5      | Gained mutation: Your mind is acute. (Int +4, Str/Dex -1)
                  | [Xom's grace]
  4056 | D:5      | Found a burning altar of Makhleb.
  4061 | D:5      | XOM: smoke on damage
  4126 | D:5      | Reached skill level 5 in Fighting
  4126 | D:5      | Reached skill level 5 in Axes
  4276 | D:5      | Found a shimmering blue altar of Sif Muna.
  4320 | D:6      | XOM: 4-stop teleportation journey
  4336 | D:6      | Found a stormy altar of Qazlal.
  4357 | D:6      | XOM: smoke on damage
  4589 | D:6      | an ice beast changed into a wyvern
  4589 | D:6      | Noticed a wyvern
  4644 | D:6      | Killed a wyvern
  4645 | D:6      | Reached XP level 9. HP: 49/68 MP: 12/12
  4689 | D:6      | XOM: enchant monster (bad)
  4695 | D:6      | HP: 1/68 [iguana (6)]
  4696 | D:6      | Slain by a gnoll sergeant

Illustrated notes

Levels and vault maps discovered:
D:1:      amcnicky_arrival_double_pillar, layout_basic, minmay_3d_cube
D:2:      kb_forest_paths, layout_basic, nicolae_shop_vocational, uniq_terence,
          uniq_sigmund
D:3:      layout_loops_ring, mainiacjoe_overflow_alcove_1,
          mainiacjoe_overflow_six_doors_small,
          lemuel_zombie_altar_kikubaaqudgha, uniq_grinder, uniq_robin
D:4:      layout_loops_ring, elyvilon_altar_4, xom_butterflies,
          minmay_ogre_servants, uniq_natasha
D:5:      layout_cave_pools, marbit_many_paths, kennysheep_mini, uniq_edmund
D:6:      layout_loops_ring, mainiacjoe_overflow_24_doors,
          chequers_serial_rivers_room_a

Skill      XL: |  1  2  3  4  5  6  7  8 |
---------------+-------------------------+-----
Dodging        | 1 2 3 4 |  4.1
Armour         | 2 3 4 |  4.4
Polearms       | 1 2 3 |  3.0
Stealth        | 1 2 |  2.9
Spellcasting   | 1 2 |  2.5
Evocations     | 1 2 3 |  3.8
Fighting       | 4 5 |  5.3
Axes           | 4 5 |  5.3

Action                     |  1- 3 |  4- 6 |  7- 9 || total
---------------------------+-------+-------+-------++-------
  Melee: Hand axe          |    44 |    71 |   171 ||   286
         Dagger            |    43 |    32 |       ||    75
         Headbutt          |       |    10 |    47 ||    57
         Trident           |       |    53 |   208 ||   261
    Use: Potion            |       |     2 |     3 ||     5
         Scroll            |       |       |     8 ||     8
   Stab: Invisible         |     1 |       |       ||     1
         Sleeping          |     2 |       |       ||     2
         Paralysed         |       |       |     1 ||     1
 Armour: Leather armour    |    18 |       |       ||    18
         Chain mail        |    18 |    53 |   182 ||   253
  Dodge: Dodged            |    38 |    22 |    71 ||   131

Table legend: (Time is in decaauts)
 A = Elapsed time spent in this place.
 B = Non-inter-level travel time spent in this place.
 C = Inter-level travel time spent in this place.
 D = Time resting spent in this place.
 E = Time spent auto-exploring this place.
 F = Levels seen in this place.
 G = Mean time per level.
                   A        B        C        D        E       F      G
               +--------+--------+--------+--------+--------+-----+--------+
         Total |   4737 |   4512 |    225 |    225 |   3449 |   6 |  789.5 |
       Dungeon |   4737 |   4512 |    225 |    225 |   3449 |   6 |  789.5 |
               +--------+--------+--------+--------+--------+-----+--------+

Top non-repeatable levels by time:
     D:2: 1020 daAuts
     D:4: 1013 daAuts
     D:3: 829 daAuts
     D:1: 772 daAuts
     D:5: 748 daAuts
     D:6: 352 daAuts
